 Dungeon Crawl Stone Soup version 0.21-a0-529-g8c7b3f5 (webtiles) character file.

67 KristoblXynda the Chopper (level 4, 0/54 HPs)
             Began as a Barachi Monk on Dec 10, 2017.
             Slain by a scorpion (3 damage)
             ... on level 4 of the Dungeon.
             The game lasted 00:04:52 (3093 turns).

KristoblXynda the Chopper (Barachi Monk)            Turns: 3093, Time: 00:04:53

Health: 0/54       AC: 22    Str:  7    XL:     4   Next: 18%
Magic:  4/4        EV:  2    Int: 10    God:
Gold:   176        SH:  0    Dex: 15    Spells: 3/3 levels left

rFire    . . .     SeeInvis .   a - +0 hand axe
rCold    . . .     Gourm    .   (no shield)
rNeg     + + +     Faith    +   (armour currently unavailable)
rPois    +         Spirit   .   (helmet currently unavailable)
rElec    .         Reflect  .   (cloak currently unavailable)
rCorr    .         Harm     .   (gloves currently unavailable)
MR       .....     NoTele   +   (boots currently unavailable)
Stlth    ++........             l - amulet of faith
HPRegen  0.18/turn              g - -6 ring of strength (curse)
MPRegen  0.09/turn              (no ring)

@: lethally poisoned (0 -> -13), tree-form
A: +LOS, swims
a: no special abilities


You were on level 4 of the Dungeon.
You were not hungry.
You were a tree.
You visited 1 branch of the dungeon, and saw 4 of its levels.

You collected 176 gold pieces.

Inventory:

Hand Weapons
 a - a +0 hand axe (weapon)
Armour
 n - a cursed +0 ring mail (melded)
Jewellery
 g - a cursed -6 ring of strength (left branch)
 l - an amulet of faith (around neck)
Wands
 e - a wand of polymorph (19)
 h - a wand of disintegration (6)
Scrolls
 j - 2 scrolls of magic mapping
Potions
 b - a potion of haste
 d - a potion of lignification
 i - a potion of resistance {unknown}
Comestibles
 c - 2 bread rations
 f - 2 meat rations


   Skills:
 - Level 3.6 Fighting
 * Level 4.5 Axes
 + Level 2.0 Armour
 + Level 3.9 Dodging
 - Level 1.7 Stealth


You had 3 spell levels left.
You didn't know any spells.

Dungeon Overview and Level Annotations

Branches:
Dungeon (4/15)
 Temple: D:4-7

Altars:
Makhleb
Qazlal
Trog
Xom


Innate Abilities, Weirdness & Mutations

Shadows flee at your approach. (+LOS)
You can swim through water.
((You cover ground slowly.))
((You can hop short distances.))


Message History

You hit the scorpion but do no damage.
The scorpion is heavily wounded.
* * * LOW HITPOINT WARNING * * *
You feel sick.
The scorpion stings you but does no damage.
You closely miss the scorpion.
The scorpion is heavily wounded.
* * * LOW HITPOINT WARNING * * *
You feel sick. The scorpion stings you.
* * * LOW HITPOINT WARNING * * *
You barely miss the scorpion.
The scorpion is heavily wounded.
* * * LOW HITPOINT WARNING * * *
You feel sick.
The scorpion stings you but does no damage.
You closely miss the scorpion.
The scorpion is heavily wounded.
* * * LOW HITPOINT WARNING * * *
You feel sick. The scorpion stings you.
You die...

######### #ls♣....#
##.##.###.#####.#
...!l........##.####
##.....(..##.......#
#........##.##.##.#
..s.#...........##.#######
##. #..#..##.##..§§§.....#
# ....(.... ####§#####.#
.#..##.##.#####§#


You could see a scorpion and a frilled lizard.

Vanquished Creatures
  An adder (D:2)
  A worm (D:3)
  A dart slug (D:1)
  A leopard gecko (D:1)
  An orc (D:3)
  5 bats
  6 giant cockroaches
  6 hobgoblins
  6 jackals
  7 kobolds
  2 quokkas (D:3)
  A frilled lizard (D:1)
  2 goblins (D:3)
  8 rats
48 creatures vanquished.

Notes
Turn   | Place    | Note
-------+----------+-------------------------------------------
     0 | D:1      | KristoblXynda the Barachi Monk began the quest for the Orb.
     0 | D:1      | Reached XP level 1. HP: 18/18 MP: 1/1
    59 | D:1      | Reached XP level 2. HP: 20/24 MP: 2/2
   204 | D:1      | Reached skill level 1 in Armour
  1032 | D:2      | Found a stormy altar of Qazlal.
  1036 | D:2      | Reached skill level 4 in Axes
  1036 | D:2      | Reached XP level 3. HP: 23/29 MP: 3/3
  1044 | D:2      | Found a burning altar of Makhleb.
  1045 | D:2      | Found a shimmering altar of Xom.
  1045 | D:2      | Found a bloodstained altar of Trog.
  2440 | D:3      | Reached XP level 4. HP: 24/36 MP: 4/4
  3093 | D:4      | Slain by a scorpion

Vault maps used:
D:1:      minmay_arrival_radiant_lines
D:2:      grunt_temple_overflow_open
D:3:      solitary_fountain
D:4:      serial_shops, kennysheep_mini

Skill      XL: |  1  2  3  4 |
---------------+-------------+-----
Armour         | 1 2 |  2.0
Axes           | 4 |  4.5
Fighting       | |  3.6
Dodging        | |  3.9
Stealth        | |  1.7

Action                   |  1- 3 |  4- 6 || total
-------------------------+-------+-------++-------
Melee: Hand axe          |   138 |    61 ||   199
 Abil: Hop               |     1 |       ||     1
  Use: Scroll            |       |     8 ||     8
       Potion            |       |     2 ||     2
 Stab: Sleeping          |     4 |       ||     4
  Eat: Chunk             |     5 |       ||     5
       Bread ration      |       |     1 ||     1
Armor: Robe              |     5 |       ||     5
       Leather armour    |    21 |       ||    21
       Ring mail         |       |    25 ||    25
       Skin              |       |     5 ||     5
Dodge: Dodged            |    96 |    35 ||   131

Table legend:
 A = Spawn XP
 B = Non-spawn XP
 C = Spawn XP percentage of total XP
 D = Spawn monster count
 E = Non-spawn monster count
 F = Spawn count percentage of total count
 G = Total turns spent on level
                    A         B        C        D         E        F      G
               +---------+---------+-------+---------+---------+-------+---------
         Total |       0 |      97 |   0.0 |       0 |      48 |   0.0 |  3093
               +---------+---------+-------+---------+---------+-------+---------
           D:1 |       0 |      31 |   0.0 |       0 |      16 |   0.0 |  1272
           D:2 |       0 |      31 |   0.0 |       0 |      12 |   0.0 |   638
           D:3 |       0 |      35 |   0.0 |       0 |      20 |   0.0 |  1133
               +---------+---------+-------+---------+---------+-------+---------
